[Event "Titled Tuesday Blitz November 29 Late 2022"]
[White "D`Arruda, Ricardo D."]
[Black "Pakleza, Zbigniew"]
[WhiteFideId "100692"]
[BlackFideId "1119290"]
[WhiteElo "2471"]
[BlackElo "2411"]
[Result "0-1"]
[Round "02"]
[TimeControl "180+1"]
[Date "2022.11.30"]
[WhiteClock "0:00:01"]
[BlackClock "0:00:02"]

1. d4 d6 2. e4 Nf6 3. Nc3 c6 4. f4 Qb6 5. Nf3 Bg4 6. Be2 Bxf3 7. Bxf3 e5 8. Ne2 Nbd7 9. c3 Be7 10. Qb3 O-O 11. Qxb6 axb6 12. O-O Rfe8 13. Be3 Bf8 14. dxe5 dxe5 15. f5 Bc5 16. Kf2 b5 17. a3 Bxe3+ 18. Kxe3 Nb6 19. b3 Nfd7 20. Rfd1 Nc5 21. Nc1 Kf8 22. Ra2 Ke7 23. Be2 Red8 24. Rxd8 Kxd8 25. b4 Nca4 26. Rc2 Kc7 27. Nb3 Nc4+ 28. Bxc4 bxc4 29. Nd2 b5 30. Nb1 Kd6 31. Rd2+ Ke7 32. g4 h6 33. h4 g6 34. Rf2 Nb6 35. fxg6 fxg6 36. g5 hxg5 37. hxg5 Rd8 38. Rf6 Rd6 39. Rxd6 Kxd6 40. Nd2 Na4 41. Nb1 Ke6 42. Ke2 Nb6 43. Nd2 Nd7 44. Nf3 Nf8 45. Nh4 Kd6 46. Kd2 Ne6 47. Nxg6 Nxg5 48. Ke3 Ne6 49. Nh4 Nf4 50. Nf5+ Ke6 51. Ng7+ Kf6 52. Ne8+ Ke7 53. Ng7 Nd3 54. Nf5+ Ke6 55. Kd2 Kf6 56. Nd6 Nb2 57. Nb7 Na4 58. Nd8 Kg5 59. Ke3 Nxc3 60. Nxc6 Kf6 61. Na7 Ke6 62. Nc6 Nb1 63. a4 bxa4 64. b5 Kd6 65. Na5 c3 66. Kd3 Kc5 67. Nc4 Kxb5 68. Nxe5 Kb4 69. Kc2 Na3+ 70. Kc1 Nc4 71. Nd3+ Kb3 72. Nc5+ Kb4 73. Nd3+ Kb3 74. Nc5+ Ka3 0-1


[Site "https://www.chess.com"]

[Event "Titled Tuesday Blitz November 29 Late 2022"]
[White "Danielyan, Vahe"]
[Black "Keymer, Vincent"]
[WhiteFideId "13304828"]
[BlackFideId "12940690"]
[WhiteElo "2423"]
[BlackElo "2600"]
[Result "0-1"]
[Round "02"]
[TimeControl "180+1"]
[Date "2022.11.30"]
[WhiteClock "0:00:16"]
[BlackClock "0:00:44"]

1. e4 c6 2. d4 d5 3. exd5 cxd5 4. Bd3 Nf6 5. h3 Nc6 6. c3 e5 7. dxe5 Nxe5 8. Nf3 Nxd3+ 9. Qxd3 Bd6 10. O-O O-O 11. Bg5 h6 12. Bh4 Bf4 13. Nbd2 Qb6 14. Bxf6 Qxf6 15. Nb3 Rd8 16. Rfe1 Bf5 17. Qd4 Qxd4 18. Nfxd4 Bg6 19. g3 Bd6 20. f4 Be4 21. Kf2 f5 22. Rad1 Rac8 23. Nd2 Bc5 24. Nf3 b5 25. Ke2 Re8 26. Ne5 b4 27. Kd2 bxc3+ 28. bxc3 Rb8 29. Nb3 Bf2 30. Rg1 a5 31. Rdf1 Bxg1 32. Rxg1 a4 33. Nc5 Rb2+ 34. Ke3 Rxa2 35. g4 fxg4 36. Rxg4 a3 37. Ncd7 Kh7 38. Kd4 Ra1 39. Rg1 Rxg1 0-1


[Site "https://www.chess.com"]

[Event "Titled Tuesday Blitz November 29 Late 2022"]
[White "Dardha, Daniel"]
[Black "Aghasiyev, Kamal"]
[WhiteFideId "240990"]
[BlackFideId "13402854"]
[WhiteElo "2528"]
[BlackElo "2341"]
[Result "1-0"]
[Round "02"]
[TimeControl "180+1"]
[Date "2022.11.30"]
[WhiteClock "0:00:02"]
[BlackClock "0:00:03"]

1. d4 d5 2. c4 e6 3. Nf3 Nf6 4. Nc3 Be7 5. g3 O-O 6. Bg2 c6 7. O-O Nbd7 8. Qd3 b6 9. e4 Ba6 10. b3 dxc4 11. bxc4 e5 12. Ne2 Nc5 13. Qc2 exd4 14. Nexd4 Ncxe4 15. Nxc6 Qc7 16. Nfd4 Nc5 17. Bf4 Bd6 18. Bxd6 Qxd6 19. Nf5 Qc7 20. Nce7+ Kh8 21. Bxa8 Rxa8 22. Rad1 Ne6 23. Qb2 Bxc4 24. Rfe1 Re8 25. Rc1 Qc5 26. Re5 Qc7 27. Re3 Qc5 28. Qe5 Qxe5 29. Rxe5 b5 30. Nc6 a6 31. Nd6 Rf8 32. Nxc4 bxc4 33. Rxc4 g6 34. Nb4 Nd7 35. Ra5 Rb8 36. Kg2 Kg7 37. Nxa6 Rb2 38. Nc7 Re2 39. Nxe6+ Rxe6 40. Rc2 h5 41. Rd2 Nf6 42. a4 Re1 43. Ra7 Ra1 44. a5 h4 45. gxh4 Ra4 46. a6 Rg4+ 47. Kf1 Ra4 48. Re2 Nd5 49. Re1 Nf4 50. Rd1 Kh6 51. Ke1 f5 52. Ra8 Kh5 53. a7 Kg4 54. Rd7 Kf3 55. Re8 Ra1+ 56. Kd2 Ra2+ 57. Kc1 Ne2+ 58. Kd1 Nc3+ 59. Ke1 1-0


[Site "https://www.chess.com"]

[Event "Titled Tuesday Blitz November 29 Late 2022"]
[White "De Souza, Cristiano Gomes"]
[Black "Rodriguez Fontecha, Marcos"]
[WhiteFideId "2151758"]
[BlackFideId "2256576"]
[WhiteElo "2068"]
[BlackElo "2263"]
[Result "0-1"]
[Round "02"]
[TimeControl "180+1"]
[Date "2022.11.30"]
[WhiteClock "0:02:26"]
[BlackClock "0:01:57"]

1. d4 d5 2. c4 Nc6 3. Nf3 e5 4. dxe5 Bb4+ 5. Bd2 dxc4 6. Nc3 Nge7 7. e3 Be6 8. Be2 Ng6 9. O-O Ngxe5 10. Nxe5 Nxe5 11. Bf3 Nxf3+ 12. gxf3 Bh3 13. f4 Bxf1 14. Kxf1 Qd3+ 15. Ke1 O-O-O 16. Rc1 Rd6 17. a3 Rg6 0-1


[Site "https://www.chess.com"]

[Event "Titled Tuesday Blitz November 29 Late 2022"]
[White "Deac, Bogdan-Daniel"]
[Black "Mekhitarian, Krikor Sevag"]
[WhiteFideId "1226380"]
[BlackFideId "2107660"]
[WhiteElo "3071"]
[BlackElo "2669"]
[Result "1-0"]
[Round "02"]
[TimeControl "180+1"]
[Date "2022.11.30"]
[WhiteClock "0:00:10"]
[BlackClock "0:00:46"]

1. e4 c5 2. Nf3 e6 3. g3 Nc6 4. Bg2 Nf6 5. Qe2 e5 6. Nc3 d6 7. Nd5 Be7 8. c3 Be6 9. Nxe7 Qxe7 10. O-O Rd8 11. d3 O-O 12. Ng5 Bg4 13. f3 Bc8 14. f4 Rfe8 15. c4 Nd4 16. Qd2 Bg4 17. h3 Bc8 18. Qf2 b5 19. b3 b4 20. Nf3 Nxf3+ 21. Qxf3 Nd7 22. f5 f6 23. a4 Nf8 24. h4 h6 25. Qg4 Kh8 26. Qe2 Nh7 27. Bf3 Rf8 28. Bh5 Bd7 29. Bg6 Be8 30. Qh5 Rg8 31. g4 Nf8 32. g5 fxg5 33. Bxg5 Qd7 34. Bxd8 Bxg6 35. fxg6 Qxd8 36. Rf7 Ne6 37. Qxh6+ 1-0


[Site "https://www.chess.com"]

[Event "Titled Tuesday Blitz November 29 Late 2022"]
[White "Delorme, Alban"]
[Black "Szalay, Karoly"]
[WhiteFideId "623636"]
[BlackFideId "2600544"]
[WhiteElo "2197"]
[BlackElo "2537"]
[Result "0-1"]
[Round "02"]
[TimeControl "180+1"]
[Date "2022.11.30"]
[WhiteClock "0:01:17"]
[BlackClock "0:01:48"]

1. d4 d5 2. Nf3 e6 3. g3 Nf6 4. Bg2 Be7 5. O-O O-O 6. c4 c6 7. Nc3 b6 8. Ne5 Ba6 9. Bf4 Qe8 10. b3 Nfd7 11. cxd5 Nxe5 12. Bxe5 cxd5 13. Rc1 Nd7 14. Re1 Ba3 15. Rc2 Nxe5 16. dxe5 Rc8 17. e4 Bb4 18. Re3 d4 19. Qxd4 Bc5 20. Qd2 Bxe3 21. Qxe3 Qc6 22. Rc1 Rfd8 23. Ne2 Qxc1+ 24. Nxc1 Rd1+ 25. Bf1 Bxf1 26. h4 Rcxc1 27. Kh2 h5 28. g4 hxg4 29. Kg3 Rd3 0-1


[Site "https://www.chess.com"]

[Event "Titled Tuesday Blitz November 29 Late 2022"]
[White "Dias, Joao Batista"]
[Black "Ballester Llagaria, Luis Eduardo"]
[WhiteFideId "2108240"]
[BlackFideId "2297620"]
[WhiteElo "1898"]
[BlackElo "2344"]
[Result "1-0"]
[Round "02"]
[TimeControl "180+1"]
[Date "2022.11.30"]
[WhiteClock "0:00:15"]
[BlackClock "0:00:35"]

1. e4 e5 2. Nf3 Nc6 3. d4 exd4 4. Nxd4 Bc5 5. Nb3 Bb6 6. Nc3 Nge7 7. Bf4 d6 8. Bd3 O-O 9. O-O a5 10. Nd2 Be6 11. Nc4 Bd4 12. Bg5 h6 13. Bh4 Bxc3 14. bxc3 Ne5 15. Nxe5 dxe5 16. c4 Qd6 17. Rb1 b6 18. Bg3 Ng6 19. Qh5 Rad8 20. Rbd1 Qc5 21. Qe2 Rd7 22. h4 Rfd8 23. h5 Nf4 24. Bxf4 exf4 25. Qf3 Qe5 26. Rfe1 Qg5 27. Be2 Qe5 28. Rxd7 Rxd7 29. Bd3 a4 30. Rb1 a3 31. Rb5 Qa1+ 32. Kh2 Qxa2 33. Qxf4 Qb2 34. e5 Qc3 35. Qe4 a2 36. Qa8+ 1-0


[Site "https://www.chess.com"]

[Event "Titled Tuesday Blitz November 29 Late 2022"]
[White "Dimitrov, Atanas"]
[Black "Jimenez, Joaquin"]
[WhiteFideId "2901315"]
[BlackFideId "109860"]
[WhiteElo "2655"]
[BlackElo "2163"]
[Result "0-1"]
[Round "02"]
[TimeControl "180+1"]
[Date "2022.11.30"]
[WhiteClock "0:00:02"]
[BlackClock "0:00:25"]

1. Nf3 Nf6 2. c4 g6 3. g3 Bg7 4. Bg2 O-O 5. O-O d6 6. Nc3 e5 7. b3 c5 8. Bb2 Nc6 9. e3 Bg4 10. h3 Be6 11. d4 exd4 12. exd4 Bf5 13. Ne2 Qc8 14. Kh2 Re8 15. a3 h5 16. Nf4 Be4 17. d5 Bxf3 18. Bxf3 Ne5 19. Bg2 Qd7 20. Re1 Neg4+ 21. Kg1 Nh6 22. Qd2 Nf5 23. Nd3 Rxe1+ 24. Rxe1 Re8 25. Rxe8+ Qxe8 26. b4 b6 27. b5 Nd7 28. Bxg7 Kxg7 29. Qc3+ Nd4 30. Qd2 Qe7 31. a4 Ne5 32. Qe3 f6 33. Kh1 Qf7 34. Nb2 Nf5 35. Qe2 Nd4 36. Qd1 Qe7 37. Kh2 Nf7 38. a5 Qe5 39. axb6 axb6 40. Na4 Qf5 41. Qd2 Ne5 42. Qf4 Qxf4 43. gxf4 Nxc4 44. Bf1 Nd2 45. Bg2 Nxb5 46. Nxb6 c4 47. f5 c3 48. fxg6 c2 49. Nc8 c1=Q 50. Nxd6 Nxd6 0-1


[Site "https://www.chess.com"]

[Event "Titled Tuesday Blitz November 29 Late 2022"]
[White "Djordjevic, Vuk"]
[Black "Iinuma, Paul Y"]
[WhiteFideId "902098"]
[BlackFideId "2031809"]
[WhiteElo "2456"]
[BlackElo "2066"]
[Result "0-1"]
[Round "02"]
[TimeControl "180+1"]
[Date "2022.11.30"]
[WhiteClock "0:00:02"]
[BlackClock "0:00:44"]

1. d4 Nf6 2. Bg5 Ne4 3. Bf4 d5 4. e3 Bf5 5. Bd3 e6 6. g4 Bg6 7. h4 h5 8. f3 hxg4 9. fxe4 Rxh4 10. Rxh4 Qxh4+ 11. Kd2 dxe4 12. Be2 Nc6 13. Qe1 Qh5 14. Bxc7 Rc8 15. Qg3 Nb4 16. Nc3 a6 17. Bxg4 Qg5 18. Nh3 Qe7 19. Ba5 Nc6 20. Bb6 Qb4 21. Bxe6 Bd6 22. Qg4 fxe6 23. Qxg6+ Kd7 24. Qxg7+ Ne7 25. Bc5 Bxc5 26. dxc5 Rxc5 27. Qd4+ Rd5 28. Nf2 Rxd4+ 29. exd4 e3+ 30. Kxe3 Qxb2 31. Rb1 Qxc3+ 32. Nd3 b5 33. Ke4 Qxc2 34. Rc1 Qe2+ 35. Kf4 0-1


[Site "https://www.chess.com"]

[Event "Titled Tuesday Blitz November 29 Late 2022"]
[White "Domingo Nunez, Ruben"]
[Black "Pap, Gyula"]
[WhiteFideId "22245570"]
[BlackFideId "725323"]
[WhiteElo "2406"]
[BlackElo "2519"]
[Result "0-1"]
[Round "02"]
[TimeControl "180+1"]
[Date "2022.11.30"]
[WhiteClock "0:00:05"]
[BlackClock "0:00:47"]

1. e4 e6 2. Nf3 d5 3. Nc3 Nf6 4. e5 Nfd7 5. d4 c5 6. dxc5 Nc6 7. Bf4 Bxc5 8. Bd3 f6 9. exf6 Nxf6 10. Bd2 O-O 11. O-O e5 12. Bg5 e4 13. Bxf6 gxf6 14. Be2 exf3 15. Bxf3 d4 16. Ne4 Bb6 17. Re1 Bf5 18. Ng3 Bg6 19. h4 Kh8 20. h5 Bf7 21. Nf5 Ne5 22. Bxb7 Rb8 23. Be4 Bd5 24. Qe2 Rg8 25. Rad1 Bxe4 26. Qxe4 Rg4 27. Qe2 Qd5 28. Ne3 Nf3+ 29. Kf1 Nh2+ 30. Kg1 Qxh5 31. Nxg4 Nxg4 32. Qe6 d3 33. Qd6 Bxf2+ 34. Kf1 Qh1# 0-1


[Site "https://www.chess.com"]

[Event "Titled Tuesday Blitz November 29 Late 2022"]
[White "Donchenko, Alexander"]
[Black "Mohammed, Zozek Salah Mohammed"]
[WhiteFideId "24603295"]
[BlackFideId "4803361"]
[WhiteElo "2572"]
[BlackElo "2199"]
[Result "0-1"]
[Round "02"]
[TimeControl "180+1"]
[Date "2022.11.30"]
[WhiteClock "0:00:17"]
[BlackClock "0:00:07"]

1. Nf3 d5 2. g3 c6 3. Bg2 Nf6 4. O-O g6 5. b3 Bg7 6. Bb2 O-O 7. c4 Bg4 8. d3 Nbd7 9. Nbd2 Re8 10. h3 Bxf3 11. Nxf3 e5 12. cxd5 cxd5 13. Rc1 Rc8 14. Rxc8 Qxc8 15. Qa1 e4 16. Nd4 exd3 17. exd3 Ne5 18. Nb5 Qb8 19. Rd1 a6 20. Nc3 Qd6 21. Qc1 d4 22. Ne4 Nxe4 23. Bxe4 Nc6 24. Ba3 Qd7 25. h4 Qh3 26. Bxc6 Rc8 27. Bxb7 Rxc1 28. Rxc1 Be5 29. Bc8 f5 30. Be6+ Kg7 31. Bd5 Bxg3 32. fxg3 Qxg3+ 33. Bg2 Qe3+ 34. Kh1 Qxd3 35. Rc7+ Kf6 36. Be7+ Ke6 37. Bg5 Qg3 38. Rc6+ Kd7 39. Rxa6 h6 40. Bf6 d3 41. Ra4 f4 42. Rd4+ Ke6 43. Bd8 Qe1+ 44. Kh2 Qg3+ 45. Kh1 f3 46. Bf1 Qf2 47. Bh3+ Ke5 48. Rxd3 Qe1+ 49. Kh2 Qe2+ 50. Kg3 Qxd3 51. Bc7+ Kf6 52. Bf4 g5 53. hxg5+ hxg5 54. Bc1 f2+ 55. Kxf2 Qxh3 56. Be3 Kf5 57. a4 g4 58. a5 Qf3+ 59. Kg1 Qxe3+ 60. Kg2 Qxb3 61. a6 Qa3 62. a7 Qxa7 63. Kg3 Qe3+ 64. Kh4 Qh3# 0-1


[Site "https://www.chess.com"]

[Event "Titled Tuesday Blitz November 29 Late 2022"]
[White "Ehlvest, Jaan"]
[Black "Rian, Kapriaga"]
[WhiteFideId "4500016"]
[BlackFideId "7103263"]
[WhiteElo "2430"]
[BlackElo "2337"]
[Result "1-0"]
[Round "02"]
[TimeControl "180+1"]
[Date "2022.11.30"]
[WhiteClock "0:01:59"]
[BlackClock "0:00:16"]

1. e4 c6 2. d4 d5 3. exd5 cxd5 4. Bd3 Nc6 5. c3 Qc7 6. h3 Nf6 7. Nf3 e5 8. dxe5 Nxe5 9. O-O Nxd3 10. Qxd3 Be7 11. Bg5 Be6 12. Nbd2 O-O 13. Rfe1 h6 14. Bh4 Rfe8 15. Nd4 Qf4 16. Bg3 Qg5 17. Re5 Qg6 18. Qxg6 fxg6 19. Rxe6 Kf7 20. Rae1 Bc5 21. Rxe8 Rxe8 22. Rxe8 Kxe8 23. Be5 Kf7 24. Kf1 Nd7 25. Bg3 a6 26. Ke2 Nf6 27. f3 Bxd4 28. cxd4 Nd7 29. Nb1 Ke6 30. Nc3 Nb6 31. b3 Nd7 32. Kd3 g5 33. a4 h5 34. Bc7 b6 35. g4 h4 36. Bd8 a5 37. Bxg5 1-0


[Site "https://www.chess.com"]

[Event "Titled Tuesday Blitz November 29 Late 2022"]
[White "Estrada Nieto, Julian"]
[Black "Rios Escobar, Adan"]
[WhiteFideId "5101018"]
[BlackFideId "3403645"]
[WhiteElo "2221"]
[BlackElo "2306"]
[Result "1-0"]
[Round "02"]
[TimeControl "180+1"]
[Date "2022.11.30"]
[WhiteClock "0:00:18"]
[BlackClock "0:00:08"]

1. e4 c5 2. Nf3 d6 3. Bb5+ Nd7 4. d4 cxd4 5. Qxd4 a6 6. Bxd7+ Bxd7 7. Nc3 e5 8. Qd3 h6 9. Nd2 b5 10. a4 b4 11. Nd5 a5 12. Nc4 Nf6 13. Ncb6 Ra7 14. Be3 Nxd5 15. Nxd5 Rb7 16. O-O Bc6 17. Rfd1 Be7 18. Qa6 Bxd5 19. Rxd5 Qc8 20. Rxa5 O-O 21. Rd5 Rc7 22. Qb5 Rxc2 23. Qxb4 Qa6 24. Qb5 Ra8 25. Qxa6 Rxa6 26. Rb5 Rc4 27. a5 Rxe4 28. Rb6 Ra8 29. a6 d5 30. Rb7 Bd6 31. Rd7 d4 32. Rxd6 dxe3 33. fxe3 Rxe3 34. Rb6 Rd3 35. a7 Rdd8 36. Rb7 f6 37. b4 Kh7 38. b5 Kg6 39. b6 Kf5 40. Rxg7 Rd2 41. b7 Rad8 42. a8=Q Rd1+ 43. Rxd1 Rxd1+ 44. Kf2 Rd2+ 45. Ke1 Rd4 46. b8=Q Re4+ 47. Qxe4+ Kxe4 48. Qb4+ Kf5 49. Qe7 h5 50. Rf7 Ke4 51. Qxf6 h4 52. Re7 h3 53. Qxe5+ Kd3 54. gxh3 Kc4 55. Rd7 Kb4 56. Qc7 Kb5 57. Rd6 Kb4 58. Rb6+ Ka5 59. Qa7# 1-0


[Site "https://www.chess.com"]

[Event "Titled Tuesday Blitz November 29 Late 2022"]
[White "Fernandez De La Vara, Arnaldo"]
[Black "Jobava, Baadur"]
[WhiteFideId "3518388"]
[BlackFideId "13601520"]
[WhiteElo "2664"]
[BlackElo "3047"]
[Result "0-1"]
[Round "02"]
[TimeControl "180+1"]
[Date "2022.11.30"]
[WhiteClock "0:00:01"]
[BlackClock "0:00:25"]

1. Nf3 d5 2. g3 c6 3. Bg2 Nf6 4. O-O Bf5 5. d3 e6 6. Nbd2 Be7 7. b3 h6 8. Bb2 O-O 9. Kh1 Re8 10. Qe1 Bh7 11. e4 a5 12. a4 Na6 13. Qe2 Nb4 14. Rac1 Na2 15. Ra1 Nb4 16. Rac1 Nd7 17. Nd4 Bf6 18. f4 dxe4 19. Nxe4 c5 20. c3 Na2 21. Nxf6+ Nxf6 22. Nb5 Bxd3 23. Qe3 Nxc1 24. Rxc1 Bxb5 25. axb5 b6 26. c4 Ra7 27. g4 Nxg4 28. Qg3 Qd2 29. Ba3 Ne3 30. Rg1 Nf5 31. Qg4 g6 32. Be4 Qd4 33. Qg2 Nh4 34. Qe2 Rd8 35. Bc1 a4 36. Bb2 Qd2 37. Qg4 Qxb2 38. Qxh4 Qd4 39. Qxh6 Qxe4+ 0-1


[Site "https://www.chess.com"]

[Event "Titled Tuesday Blitz November 29 Late 2022"]
[White "Fernandez Siles, Luis"]
[Black "Mladenovic, Stefan"]
[WhiteFideId "2209420"]
[BlackFideId "942227"]
[WhiteElo "2186"]
[BlackElo "2337"]
[Result "0-1"]
[Round "02"]
[TimeControl "180+1"]
[Date "2022.11.30"]
[WhiteClock "0:00:10"]
[BlackClock "0:00:44"]

1. d4 Nf6 2. c4 e6 3. Nf3 b6 4. a3 Bb7 5. Nc3 d5 6. cxd5 exd5 7. Bg5 Be7 8. e3 Nbd7 9. b4 O-O 10. Bd3 c5 11. bxc5 bxc5 12. Rb1 Bc6 13. O-O c4 14. Bc2 Bxa3 15. Ne5 Qc7 16. Nxd7 Nxd7 17. Qh5 g6 18. Qh6 Rfb8 19. f4 Bf8 20. Qh4 Rxb1 21. Bxb1 Qa5 22. Nd1 Bg7 23. f5 Nf8 24. f6 Bh8 25. Bh6 Qd2 26. Bg7 Bxg7 27. fxg7 Ne6 28. Qf6 Be8 29. Qe7 Kxg7 30. Qf6+ Kg8 31. Kh1 Rb8 32. Nf2 Qe2 33. Ng4 Qxg4 0-1


[Site "https://www.chess.com"]

[Event "Titled Tuesday Blitz November 29 Late 2022"]
[White "Figorito, Nick"]
[Black "Hjartarson, Johann"]
[WhiteFideId "30923689"]
[BlackFideId "2300044"]
[WhiteElo "2344"]
[BlackElo "2458"]
[Result "0-1"]
[Round "02"]
[TimeControl "180+1"]
[Date "2022.11.30"]
[WhiteClock "0:00:11"]
[BlackClock "0:01:17"]

1. Nf3 Nf6 2. g3 b5 3. Bg2 Bb7 4. O-O e6 5. b3 d6 6. Bb2 Nbd7 7. d3 Be7 8. Nbd2 O-O 9. a4 b4 10. e4 c5 11. Qe2 e5 12. Rfe1 g6 13. Nf1 Nh5 14. Ne3 Ng7 15. Nd2 Ne6 16. Ndc4 Nd4 17. Bxd4 cxd4 18. Nd5 Bxd5 19. exd5 f5 20. f4 Rc8 21. fxe5 dxe5 22. Nxe5 Nxe5 23. Qxe5 Bf6 24. Qe6+ Kg7 25. Rac1 Bg5 26. Qe5+ Qf6 27. Qxf6+ Rxf6 28. Re7+ Rf7 29. Rxf7+ Kxf7 30. Re1 Be3+ 31. Kf1 Rxc2 32. Re2 Rc3 33. Rb2 Rxd3 34. Ke2 Rc3 35. Bf3 Ke7 36. h4 Kd6 37. Ke1 d3 0-1


[Site "https://www.chess.com"]

[Event "Titled Tuesday Blitz November 29 Late 2022"]
[White "Floresvillar Gonzalez, Luis Migu"]
[Black "Lopez Mulet, Inigo"]
[WhiteFideId "5100542"]
[BlackFideId "22235620"]
[WhiteElo "2040"]
[BlackElo "2289"]
[Result "0-1"]
[Round "02"]
[TimeControl "180+1"]
[Date "2022.11.30"]
[WhiteClock "0:00:01"]
[BlackClock "0:00:55"]

1. d4 Nf6 2. c3 b6 3. Bg5 Bb7 4. Nd2 d6 5. Ngf3 Nbd7 6. e3 e5 7. dxe5 dxe5 8. Bb5 e4 9. Bxf6 gxf6 10. Nd4 a6 11. Bc6 Qc8 12. Nxe4 Be7 13. Qf3 Bxc6 14. Nxc6 Ne5 15. Nxe5 fxe5 16. Nf6+ Kf8 17. O-O-O Ra7 18. Nd7+ Kg7 19. Nxe5 Qe6 20. Qg4+ Qxg4 21. Nxg4 c5 22. Ne5 Bf6 23. Ng4 Be7 24. Rd5 h5 25. Ne5 Bf6 26. Rhd1 Re8 27. Nd7 Bd8 28. Nxc5 Bc7 29. Nd3 h4 30. g3 hxg3 31. hxg3 a5 32. Nf4 Bxf4 33. gxf4 Re6 34. Rd7 Ra8 35. R1d6 Rae8 36. Rxe6 Rxe6 37. Kd2 Rc6 38. f3 Kf6 39. e4 Ke6 40. Rd5 Rc8 41. f5+ Ke7 42. f4 Rh8 43. Kd3 Rh2 44. b3 Rh6 45. e5 Rc6 46. f6+ Ke8 47. f5 Rc7 48. a4 Rc6 49. c4 Rc7 50. Ke4 Rc6 51. Kd4 Rc7 52. Rd6 Rb7 53. Kd5 Rb8 54. Kc6 Rc8+ 55. Kxb6 Rb8+ 56. Kxa5 Rxb3 57. Rb6 Rc3 58. Kb4 Re3 59. Rb5 Kd7 60. a5 Re1 61. a6 Ra1 0-1


[Site "https://www.chess.com"]

[Event "Titled Tuesday Blitz November 29 Late 2022"]
[White "Foerster-Yialamas, Lucas"]
[Black "Bjelobrk, Igor"]
[WhiteFideId "30901774"]
[BlackFideId "4300726"]
[WhiteElo "2067"]
[BlackElo "2335"]
[Result "1/2-1/2"]
[Round "02"]
[TimeControl "180+1"]
[Date "2022.11.30"]
[WhiteClock "0:00:11"]
[BlackClock "0:00:03"]

1. e4 c5 2. d4 cxd4 3. c3 Nf6 4. e5 Nd5 5. c4 Nc7 6. Nf3 Nc6 7. Bf4 Ne6 8. Bg3 b6 9. Nbd2 Bb7 10. Bd3 Nc5 11. Bb1 e6 12. a3 a5 13. O-O Be7 14. Re1 O-O 15. Ne4 f6 16. exf6 gxf6 17. Nxd4 Nxd4 18. Qxd4 Nb3 19. Qd3 Bxe4 20. Qxe4 f5 21. Qd3 Nxa1 22. Ba2 Bc5 23. Rxa1 f4 24. Bxf4 Bxf2+ 25. Kxf2 Rxf4+ 26. Kg1 Rf7 27. Rd1 Qc7 28. Bb1 Raf8 29. b4 axb4 30. axb4 Qf4 31. h3 Qe5 32. Bc2 Rg7 33. Kh1 Rf2 34. Qe4 Qxe4 35. Bxe4 Rf4 36. Bd3 Kf8 37. Kg1 Ke7 38. Bf1 h6 39. Be2 Rg8 40. b5 Rg3 41. Rc1 Rb3 42. c5 bxc5 43. Rxc5 Rb2 44. Bg4 Rfb4 45. Rh5 Rxb5 46. Rxh6 Re5 47. Rh7+ Kd6 48. h4 Re4 49. Bf3 Re1+ 50. Kh2 Rbb1 51. Kg3 Rh1 52. h5 Rb4 53. Rf7 Rbh4 54. Rf4 Rxh5 55. Bxh5 Rxh5 56. Kg4 Rh1 57. Rf2 Ke7 58. Kg5 d5 59. g4 e5 60. Kf5 Kd6 61. g5 e4 62. g6 Rg1 63. Ra2 e3 64. Kf4 d4 65. Ke4 Rg4+ 66. Kf3 Rg1 67. Ke4 Rg4+ 68. Kf3 Rg5 69. Ke4 Re5+ 70. Kd3 Ke6 71. g7 Kf7 72. Rg2 Kg8 73. Ke2 Re4 74. Kd3 Re7 75. Ke2 Rxg7 76. Rh2 Ra7 77. Rh4 Ra4 78. Kd3 Kg7 79. Rf4 Kg6 80. Rf8 Kg5 81. Rf1 Kg4 82. Rf8 Kg3 83. Ke2 Kg2 84. Rg8+ Kh3 85. Kf3 Kh4 86. Ke2 Kh5 87. Kd3 Kh6 88. Rg1 Kh5 89. Rg8 Kh4 90. Rg1 Kh3 91. Rg8 Ra3+ 92. Kxd4 e2 93. Re8 Ra2 94. Kd3 Kg2 95. Rxe2+ Rxe2 96. Kxe2 1/2-1/2


[Site "https://www.chess.com"]

[Event "Titled Tuesday Blitz November 29 Late 2022"]
[White "Freile Martin, Javier"]
[Black "Jaracz, Pawel"]
[WhiteFideId "3600165"]
[BlackFideId "1102222"]
[WhiteElo "2322"]
[BlackElo "2459"]
[Result "0-1"]
[Round "02"]
[TimeControl "180+1"]
[Date "2022.11.30"]
[WhiteClock "0:01:21"]
[BlackClock "0:01:41"]

1. c4 e5 2. Nc3 Nc6 3. Nf3 Bb4 4. Qc2 Nge7 5. e3 d6 6. a3 Bxc3 7. Qxc3 O-O 8. d4 e4 9. Nd2 d5 10. b3 Be6 11. Bb2 f5 12. Be2 f4 13. O-O-O a5 14. f3 fxe3 15. Qxe3 Nf5 16. Qc3 Ncxd4 17. Rhe1 Nxe2+ 18. Rxe2 d4 19. Qc2 d3 20. Qc3 dxe2 21. Re1 Qd3 22. Qe5 Rae8 23. fxe4 Bxc4 24. Qxc7 Rc8 25. Qe5 Bxb3+ 26. Nc4 Qc2# 0-1


[Site "https://www.chess.com"]

[Event "Titled Tuesday Blitz November 29 Late 2022"]
[White "Gareyev, Timur"]
[Black "Papp, Petra"]
[WhiteFideId "14200937"]
[BlackFideId "739049"]
[WhiteElo "2552"]
[BlackElo "2259"]
[Result "1-0"]
[Round "02"]
[TimeControl "180+1"]
[Date "2022.11.30"]
[WhiteClock "0:00:16"]
[BlackClock "0:00:26"]

1. d4 d5 2. c4 e6 3. Nc3 Be7 4. g4 h6 5. Bg2 Nf6 6. Nf3 c6 7. Bf4 Nxg4 8. Qc2 Nf6 9. Rg1 Nbd7 10. Ne5 Nh5 11. Be3 Bg5 12. Bf3 Nxe5 13. dxe5 Bxe3 14. fxe3 Qh4+ 15. Kd2 g5 16. Rg4 Qh3 17. Rag1 Ng7 18. R4g3 Qh4 19. Bg4 Bd7 20. R1g2 h5 21. Rh3 hxg4 22. Rxh4 Rxh4 23. cxd5 exd5 24. Na4 O-O-O 25. Nc5 Ne6 26. Nxd7 Rxd7 27. Qf5 Nc5 28. Rxg4 Ne4+ 29. Kc2 Rxg4 30. Qxg4 Kc7 31. Qf5 Re7 32. b4 Kb6 33. a4 a5 34. bxa5+ Kxa5 35. Qc8 Kb6 36. Qd8+ Rc7 37. a5+ 1-0


[Site "https://www.chess.com"]

[Event "Titled Tuesday Blitz November 29 Late 2022"]
[White "Gavilan Diaz, Mario"]
[Black "Tirelli, Mauro"]
[WhiteFideId "2260905"]
[BlackFideId "845353"]
[WhiteElo "2176"]
[BlackElo "2166"]
[Result "1-0"]
[Round "02"]
[TimeControl "180+1"]
[Date "2022.11.30"]
[WhiteClock "0:00:11"]
[BlackClock "0:00:02"]

1. d4 Nf6 2. c4 e6 3. Nc3 Bb4 4. Qc2 b6 5. e4 c5 6. d5 Qe7 7. Be3 exd5 8. exd5 Ng4 9. O-O-O Nxe3 10. fxe3 d6 11. e4 O-O 12. Nf3 Bg4 13. Bd3 Nd7 14. h3 Bh5 15. g4 Bg6 16. h4 h5 17. gxh5 Bxh5 18. Rdf1 Bxc3 19. Qxc3 Bxf3 20. Rxf3 Ne5 21. Rg3 Qf6 22. Rhg1 Qh6+ 23. Kb1 g6 24. Be2 Qf4 25. Qc2 Qxh4 26. Ka1 a6 27. a3 b5 28. Qc3 bxc4 29. Qe3 Qf6 30. Rh3 Qg7 31. Rgh1 Rab8 32. Qc3 Rb3 33. Qc2 Rxh3 34. Rxh3 Rb8 35. Rh2 Rb3 36. Bxc4 Rxa3+ 37. bxa3 Nxc4+ 38. Ka2 Qd4 39. Re2 Ne5 40. Qb2 Qc4+ 41. Ka1 Nd3 42. Qc2 Qd4+ 43. Kb1 c4 44. Rd2 Qxe4 45. Qc3 Qe1+ 46. Ka2 Nc1+ 47. Kb2 Nd3+ 48. Rxd3 1-0


[Site "https://www.chess.com"]

[Event "Titled Tuesday Blitz November 29 Late 2022"]
[White "Goncalves, Davi Sulzbacher"]
[Black "Shapiro, Daniel"]
[WhiteFideId "2154510"]
[BlackFideId "2001780"]
[WhiteElo "2182"]
[BlackElo "2322"]
[Result "1-0"]
[Round "02"]
[TimeControl "180+1"]
[Date "2022.11.30"]
[WhiteClock "0:00:46"]
[BlackClock "0:00:06"]

1. Nf3 Nf6 2. g3 d5 3. Bg2 e6 4. O-O Be7 5. d4 O-O 6. c4 c6 7. Nbd2 b6 8. Qc2 Ba6 9. Rd1 Nbd7 10. e4 dxe4 11. Ng5 h6 12. Ngxe4 Qc7 13. b3 Rad8 14. Bb2 c5 15. dxc5 bxc5 16. Nc3 Bb7 17. Nb5 Qb8 18. Ne4 Nxe4 19. Bxe4 Bxe4 20. Qxe4 Bf6 21. Bxf6 Nxf6 22. Qe3 Qb6 23. Nc3 Rd4 24. Ne2 Rxd1+ 25. Rxd1 Rd8 26. Rxd8+ Qxd8 27. Nc3 Qd6 28. Nb5 Qe7 29. Qe5 a6 30. Qc7 Kf8 31. Qc8+ 1-0


[Site "https://www.chess.com"]